 Dungeon Crawl Stone Soup version 0.18.1-48-g4cf74bf (webtiles) character file.

4085 Joat the Vandal (level 10, -5/88 HPs)
             Began as a Troll Monk on Aug 4, 2016.
             Was a Priest of Okawaru.
             Slain by an orc warrior
             ... wielding a +0 hand axe
              (19 damage)
             ... on level 8 of the Dungeon.
             The game lasted 01:04:38 (8031 turns).

Joat the Vandal (Troll Monk)                        Turns: 8031, Time: 01:04:38

Health: -5/88      AC:  9    Str: 21    XL:     10   Next: 5%
Magic:  8/9        EV: 11    Int:  6    God:    Okawaru [***...]
Gold:   516        SH:  0    Dex: 15    Spells: 1 memorised, 8 levels left

rFire  . . .     SeeInvis .     K - +0 hand crossbow
rCold  . . .     Gourm    +     y - +2 robe {MR+}
rNeg   . . .     Faith    .     (no shield)
rPois  .         Spirit   .     (helmet restricted)
rElec  .         Dismiss  .     F - +1 cloak
rCorr  +         Reflect  .     (gloves unavailable)
SustAt .         Harm     .     (boots unavailable)
MR     +....                    (no amulet)
Stlth  +++.......               r - ring of stealth
                                m - ring of resist corrosion

@: somewhat resistant to hostile enchantments, fairly stealthy
A: unfitting armour, claws 3, fast metabolism 3, gourmand, regeneration 2,
shaggy fur 1, tough skin 2
a: Heroism, Renounce Religion


You were on level 8 of the Dungeon.
You worshipped Okawaru.
Okawaru was most pleased with you.
You were hungry.

You visited 2 branches of the dungeon, and saw 10 of its levels.

You collected 516 gold pieces.

Inventory:

Hand Weapons
 a - a +3 hunting sling
 D - a +0 shortbow
 E - a +2 quarterstaff of chaos
 K - a +0 hand crossbow (weapon)
Missiles
 j - 156 stones
 l - 6 needles of frenzy
 n - 122 arrows
 o - 2 tomahawks of dispersal
 p - 26 bolts (quivered)
 B - 33 sling bullets
 G - 28 poisoned needles
 M - a throwing net
Armour
 y - a +2 robe of magic resistance (worn)
 F - a +1 cloak (worn)
Jewellery
 m - a ring of resist corrosion (left claw)
 r - a ring of stealth (right claw)
 H - an uncursed ring of wizardry {unknown}
Wands
 O - a wand of digging (11/24)
Scrolls
 c - 9 scrolls of identify
 e - 2 scrolls of amnesia {unknown}
 f - 2 scrolls of fog {unknown}
 g - 3 scrolls of teleportation
 h - 2 scrolls of magic mapping
 s - a scroll of enchant weapon {unknown}
 u - a scroll of enchant armour {unknown}
 C - 2 scrolls of blinking {unknown}
 I - a scroll of noise {unknown}
 J - a scroll of vulnerability {unknown}
 N - 3 scrolls of remove curse
Potions
 d - 5 potions of curing
 k - 3 potions of haste {unknown}
 q - a potion of heal wounds {unknown}
 t - a potion of magic {unknown}
 w - 2 potions of cure mutation {unknown}
 x - 4 potions of degeneration {unknown}
Books
 L - a book of Party Tricks

   Spells                             Type                      Level
   a - Summon Butterflies             Summoning                    1
   b - Apportation                    Translocation                1
   c - Tukima's Dance                 Hexes                        3
   d - Alistair's Intoxication        Transmutation/Poison         5
   e - Invisibility                   Hexes                        6
Comestibles
 b - 8 bread rations
 v - a slice of pizza
 z - a meat ration
 A - 7 beef jerkies


   Skills:
 - Level 2.5 Fighting
 - Level 3.1 Staves
 - Level 6.5(6.6) Slings
 + Level 4.8 Crossbows
 - Level 2.0(5.8) Throwing
 - Level 2.5 Dodging
 - Level 1.2 Stealth
 - Level 6.1 Unarmed Combat
 - Level 3.5 Summonings


You had 8 spell levels left.
You knew the following spells:

 Your Spells              Type           Power        Failure   Level  Hunger
a - Summon Butterflies    Summ           #.......     12%         1    ##.....


Dungeon Overview and Level Annotations

Branches:
Dungeon (9/15)             Temple (1/1) D:6
   Lair: D:8-11         Orc: D:9-12

Altars:
Ashenzari
Cheibriados
Dithmenos
Elyvilon
Fedhas
Gozag
Kikubaaqudgha
Makhleb
Nemelex Xobeh
Okawaru
Pakellas
Qazlal
Ru
Sif Muna
Trog
Vehumet
Xom
Yredelemnul
Zin
The Shining One


Innate Abilities, Weirdness & Mutations

You are too large for most types of armour.
You have claws for hands.
Your metabolism is lightning-fast.
You like to eat raw meat.
You heal very quickly.
You are covered in fur (AC +1).
You have very tough skin (AC +2).


Message History

The orc warrior hits you but does no damage.
The orc warrior misses your butterfly.
The orc warrior completely misses your butterfly.
The orc warrior hits your butterfly with a hand axe!
Your butterfly dies!
You swap places.
The orc warrior hits you with a hand axe.
Firing (i - inventory. (,) - cycle):
p - 28 bolts (quivered)
Press: ? - help, Shift-Dir - straight line, f - orc warrior
Aim: an orc warrior, wielding a hand axe and wearing a plate armour You shoot a bolt.
The bolt barely misses the orc warrior.
The orc warrior hits you with a hand axe!
* * * LOW HITPOINT WARNING * * *
You are too injured to fight recklessly!
Firing (i - inventory. (,) - cycle):
p - 27 bolts (quivered)
Press: ? - help, Shift-Dir - straight line, p - orc warrior You shoot a bolt.
The bolt completely misses the orc warrior.
The orc warrior hits you with a hand axe!!
You die...

####### ###
#..(..## ##.#
#....>.## #..#
#.......### #.##
#...b.o...## #.#
#......@...## #.#
##..b........# #.#
#.....b.b....###.#
#.............##.#
#.............##.#
#............###.#
##...............#
#.[.............##
#.......#######..#


You could see an orc warrior.

Vanquished Creatures
  The ghost of Heedrag the Conjurer, a novice DECj (D:5)
  A troll (D:9)
  Sigmund (D:4)
  A hungry ghost (D:8)
  A hippogriff (D:8)
  Menkaure (D:4)
  A warg (D:9)
  Duvessa (D:7)
  An orc warrior (D:7)
  2 ice beasts (D:7)
  A black bear (D:8)
  A necrophage (D:7)
  2 phantoms
  5 ogres
  2 centaurs (D:5)
  A big kobold (D:7)
  2 giant frogs
  Dowan (D:7)
  A scorpion (D:6)
  5 killer bees
  A giant frog zombie (D:8)
  4 crimson imps
  A quasit (D:6)
  Crazy Yiuf (D:5)
  An orc priest (D:7)
  2 hounds
  8 orc wizards
  2 giant frog skeletons
  Natasha (D:3)
  3 iguanas
  Terence (D:2)
  3 worker ants
  A hound skeleton (D:4)
  Robin (D:2)
  2 howler monkey skeletons
  7 gnolls
  15 adders
  A shadow imp (D:7)
  2 oozes
  An adder zombie (D:7)
  An adder skeleton (D:8)
  4 worms
  2 giant geckos
  17 orcs
  A ball python (D:1)
  7 giant cockroaches
  14 goblins
  5 hobgoblins
  3 jackals (D:4)
  15 kobolds
  5 quokkas
  A ball python skeleton (D:4)
  7 bats
  A giant cockroach zombie (D:5)
  2 giant gecko skeletons (D:5)
  A giant gecko zombie (D:6)
  3 giant newts
  A quokka skeleton (D:6)
  6 rats
186 creatures vanquished.

Vanquished Creatures (others)
  A hydra (D:2)
  An orc priest (D:8)
2 creatures vanquished.

Grand Total: 188 creatures vanquished

Notes
Turn   | Place    | Note
--------------------------------------------------------------
     0 | D:1      | Joat the Troll Monk began the quest for the Orb.
     0 | D:1      | Reached XP level 1. HP: 22/22 MP: 0/0
   301 | D:1      | Reached XP level 2. HP: 28/29 MP: 1/1
   904 | D:2      | Reached XP level 3. HP: 36/36 MP: 2/2
   962 | D:2      | Reached skill level 5 in Unarmed Combat
  1179 | D:2      | Found an oddly glowing altar of Pakellas.
  1179 | D:2      | Noticed an eight-headed hydra
  1187 | D:2      | Killed an eight-headed hydra
  1342 | D:3      | Noticed Robin
  1358 | D:3      | Noticed Terence
  1379 | D:2      | Reached XP level 4. HP: 20/44 MP: 3/3
  1486 | D:2      | Killed Terence
  1526 | D:2      | Killed Robin
  1676 | D:3      | Reached XP level 5. HP: 41/50 MP: 4/4
  1713 | D:3      | Reached skill level 1 in Slings
  1964 | D:3      | Noticed Natasha
  1975 | D:3      | Killed Natasha
  2026 | D:3      | Found a deep blue altar of Sif Muna.
  2121 | D:3      | Found a basalt altar of Yredelemnul.
  2303 | D:4      | Noticed Sigmund
  2319 | D:4      | Killed Sigmund
  2319 | D:4      | Reached XP level 6. HP: 40/59 MP: 5/5
  2515 | D:4      | Noticed Menkaure
  2521 | D:4      | Killed Menkaure
  2521 | D:4      | Reached XP level 7. HP: 66/66 MP: 6/6
  2901 | D:5      | Entered Level 5 of the Dungeon
  2976 | D:5      | Reached skill level 5 in Slings
  3165 | D:5      | Noticed Crazy Yiuf
  3172 | D:5      | Killed Crazy Yiuf
  3172 | D:5      | Reached XP level 8. HP: 74/74 MP: 7/7
  3396 | D:5      | Noticed Heedrag's ghost (novice DECj)
  3401 | D:5      | Killed Heedrag's ghost
  4155 | D:6      | Found a staircase to the Ecumenical Temple.
  4166 | Temple   | Entered the Ecumenical Temple
  4269 | Temple   | Became a worshipper of Warmaster Okawaru
  4269 | Temple   | Reached * piety under Okawaru
  4269 | Temple   | Reached ** piety under Okawaru
  4458 | D:6      | Found a shattered altar of Ashenzari.
  4800 | D:6      | Found a sacrificial altar of Ru.
  4827 | D:6      | Found a stormy altar of Qazlal.
  4832 | D:6      | Found a burning altar of Makhleb.
  5386 | D:7      | Learned a level 1 spell: Summon Butterflies
  5454 | D:7      | Reached skill level 1 in Summonings
  5693 | D:7      | Reached XP level 9. HP: 72/80 MP: 8/8
  5720 | D:7      | Noticed Dowan
  5722 | D:7      | Noticed Duvessa
  5749 | D:7      | Killed Duvessa
  5756 | D:7      | Killed Dowan
  5756 | D:7      | Reached *** piety under Okawaru
  6238 | D:7      | Reached skill level 1 in Throwing
  6605 | D:8      | Reached skill level 1 in Crossbows
  7378 | D:9      | Received a gift from Okawaru
  7747 | D:9      | Found a blossoming altar of Fedhas.
  7892 | D:9      | Noticed a troll
  7914 | D:9      | Killed a troll
  7914 | D:9      | Reached XP level 10. HP: 54/88 MP: 9/9
  8031 | D:8      | Slain by an orc warrior

Skill      XL: |  1  2  3  4  5  6  7  8  9 |
---------------+----------------------------+-----
Unarmed Combat | 5 6 |  6.1
Slings         | 2 4 5 6 |  6.5
Staves         | 3 |  3.1
Summonings     | 2 3 |  3.5
Throwing       | 2 |  2.0
Crossbows      | 4 |  4.8
Fighting       | |  2.5
Dodging        | |  2.5
Stealth        | |  1.2

Action                   |  1- 3 |  4- 6 |  7- 9 | 10-12 || total
-------------------------+-------+-------+-------+-------++-------
Melee: Unarmed           |    76 |    47 |     8 |       ||   131
       Punch             |     3 |     1 |       |       ||     4
       Quarterstaff      |       |       |    32 |       ||    32
 Fire: Hunting sling     |       |   107 |   321 |       ||   428
       Hand crossbow     |       |       |   184 |    10 ||   194
 Cast: Summon Butterflie |       |       |     1 |     2 ||     3
  Use: Scroll            |       |       |     6 |       ||     6
       Potion            |       |       |     1 |       ||     1
 Stab: Sleeping          |     1 |       |       |       ||     1
  Eat: Chunk             |    18 |    10 |    48 |       ||    76
       Fruit             |       |       |     1 |       ||     1
       Pizza             |       |       |       |     1 ||     1
Armor: Robe              |    35 |    22 |   148 |     1 ||   206
       Animal skin       |       |     9 |       |       ||     9
Dodge: Dodged            |    55 |    52 |   256 |     3 ||   366
